 Dungeon Crawl Stone Soup version 0.25-a0-294-gea9b1ad378 (webtiles) character file.

Game seed: 16525463822110503884, levelgen mode: classic

235 Borgoz the Covered (level 6, -1/37 HPs)
             Began as a Gargoyle Berserker on Dec 19, 2019.
             Was a Priest of Trog.
             Killed from afar by an orc wizard (10 damage)
             ... with a magic dart
             ... on level 3 of the Dungeon.
             The game lasted 00:02:29 (1806 turns).

Borgoz the Covered (Gargoyle Berserker)             Turns: 1806, Time: 00:02:29

Health: -1/37      AC: 13    Str: 21    XL:     6   Next: 6%
Magic:  6/6        EV: 12    Int:  7    God:    Trog [***...]
Gold:   84         SH:  0    Dex: 11    Spells: 5/5 levels left

rFire    . . .     SeeInvis .   a - +0 falchion
rCold    . . .     Gourm    .   (no shield)
rNeg     + . .     Faith    .   h - +3 ring mail
rPois    ∞         Spirit   .   (no helmet)
rElec    +         Reflect  .   (no cloak)
rCorr    .         Harm     .   (no gloves)
MR       .....                  (no boots)
Stlth    +.........             (no amulet)
HPRegen  0.12/turn              (no ring)
MPRegen  0.10/turn              (no ring)

@: berserk cooldown, slowed, very slow
A: negative energy resistance 1, electricity resistance, unbreathing,
petrification resistance, rot immunity, AC +4
a: Berserk, Trog's Hand, Renounce Religion


You were on level 3 of the Dungeon.
You worshipped Trog.
Trog was most pleased with you.
You were very hungry.

You visited 1 branch of the dungeon, and saw 3 of its levels.

You collected 84 gold pieces.

Inventory:

Hand Weapons
 a - a +0 falchion (weapon)
Missiles
 l - a throwing net (quivered)
Armour
 h - a +3 ring mail (worn)
Scrolls
 d - a scroll of enchant armour {unknown}
 f - a scroll of amnesia {unknown}
 g - 3 scrolls of identify {unknown}
 k - 2 scrolls of remove curse {unknown}
Potions
 b - a potion of heal wounds {unknown}
 e - a potion of curing {unknown}
 i - a potion of might {unknown}
 j - a potion of mutation {unknown}
Comestibles
 c - 5 rations
 m - a chunk of flesh


   Skills:
 - Level 3.2 Fighting
 + Level 4.1 Long Blades
 + Level 4.2 Armour
 + Level 3.1 Dodging


You had 5 spell levels left.
You didn't know any spells.
Your spell library was empty.

Dungeon Overview and Level Annotations

Branches:
Dungeon (3/15)

Altars:
Cheibriados
Dithmenos
Elyvilon
Fedhas
Kikubaaqudgha
Nemelex Xobeh
Sif Muna
Trog
Vehumet


Innate Abilities, Weirdness & Mutations

You are resistant to torment.
Your stone body is resilient. (AC +4)
You are immune to poison.
You resist negative energy. (rN+)
You are resistant to electric shocks. (rElec)
You can survive without breathing.
You are immune to petrification.
You are immune to rotting.


Message History

Trog accepts your kill. The orc wizard misses you.
The orc hits you but does no damage.
The orc wizard points at you and mumbles some strange words.
The magic dart hits you. The orc closely misses you.
You riposte.
You hit the orc.
The orc is severely wounded.
The orc wizard completely misses you.
You hit the orc wizard but do no damage.
The orc wizard hits you but does no damage.
Your ring mail prevents you from hitting the orc wizard.
The orc wizard hits you but does no damage.
The orc wizard casts a spell at you. The puff of frost hits you!
* * * LOW HITPOINT WARNING * * *
You slash the orc wizard!
The orc wizard is severely wounded.
The orc wizard hits you but does no damage.
The orc wizard casts a spell at you. The magic dart hits you!
You die...

###### #. ### ...... #.
#.. .........#
####.##.###._..._..##.
......#.##..........#.
#.#.....##....8.._..#.####
#.......##.....(....#.....
#....oo@.._.............
##....)###..._...........
#.....)...##....# #.....
.......†......##.# #.....
........##.#####.# #.#.##
...##.#.##.# #.### #..##
## #.#.##.# #.##.###...
#.#.##.# #.# #.#.###
#.#.##.# #.####.##


You could see an orc wizard and an orc.

Vanquished Creatures
  An orc priest (D:3)
  Natasha (thrice) (D:2)
  4 adders (D:2)
  3 oozes
  3 dart slugs
  A leopard gecko (D:2)
  6 orcs (D:3)
  A ball python (D:2)
  7 bats
  4 giant cockroaches
  7 goblins
  4 hobgoblins (D:2)
  4 jackals (D:1)
  10 kobolds
  5 frilled lizards
  9 rats
72 creatures vanquished.

Notes
Turn   | Place    | Note
-------+----------+-------------------------------------------
     0 | D:1      | Borgoz the Gargoyle Berserker began the quest for the Orb.
     0 | D:1      | Reached XP level 1. HP: 14/14 MP: 1/1
    78 | D:1      | Reached XP level 2. HP: 11/19 MP: 2/2
   425 | D:1      | Reached XP level 3. HP: 22/23 MP: 3/3
   482 | D:1      | Reached ** piety under Trog
   805 | D:2      | Reached XP level 4. HP: 28/28 MP: 4/4
   938 | D:2      | Found a shadowy altar of Dithmenos.
  1077 | D:2      | Noticed Natasha
  1096 | D:2      | Killed Natasha
  1096 | D:2      | Reached XP level 5. HP: 27/32 MP: 5/5
  1141 | D:2      | Noticed Natasha
  1154 | D:2      | Killed Natasha
  1221 | D:2      | Noticed Natasha
  1229 | D:2      | Killed Natasha
  1348 | D:2      | Found a bloodstained altar of Trog.
  1404 | D:2      | Found a blossoming altar of Fedhas.
  1406 | D:2      | Found a radiant altar of Vehumet.
  1735 | D:3      | Found an ancient bone altar of Kikubaaqudgha.
  1755 | D:3      | Found a shimmering blue altar of Sif Muna.
  1756 | D:3      | Found a sparkling altar of Nemelex Xobeh.
  1756 | D:3      | Found a snail-covered altar of Cheibriados.
  1756 | D:3      | Found a white marble altar of Elyvilon.
  1781 | D:3      | Reached *** piety under Trog
  1786 | D:3      | Reached XP level 6. HP: 36/37 MP: 6/6
  1806 | D:3      | Killed from afar by an orc wizard

Levels and vault maps discovered:
D:1:      lightli_arrival_farm, layout_basic, minivault_4
D:2:      layout_basic, nicolae_overflow_hidden_temple, trog_hazing_becter,
          uniq_natasha
D:3:      layout_loops_ring, grunt_temple_overflow_open, first_ration,
          kennysheep_generic_room_7

Skill      XL: |  1  2  3  4  5 |
---------------+----------------+-----
Long Blades    | 3 4 |  4.1
Dodging        | 2 3 |  3.1
Armour         | 3 4 |  4.2
Fighting       | |  3.2

Action                   |  1- 3 |  4- 6 || total
-------------------------+-------+-------++-------
Melee: Falchion          |    82 |   169 ||   251
Invok: Berserk           |       |     2 ||     2
  Eat: Chunk             |       |     4 ||     4
Armor: Animal skin       |    14 |       ||    14
       Ring mail         |    35 |   115 ||   150
Dodge: Dodged            |    70 |   158 ||   228
       Rpst.: Falchion   |    26 |    48 ||    74

Table legend:
 A = Non-vault XP
 B = Vault XP
 C = Vault XP percentage of total XP
 D = Non-vault monster count
 E = Vault monster count
 F = Vault count percentage of total count
                 A         B        C        D         E       F
            +---------+---------+-------+---------+---------+-------
      Total |     291 |      46 |  13.6 |      65 |       7 |   9.7
            +---------+---------+-------+---------+---------+-------
        D:1 |      44 |       0 |   0.0 |      23 |       0 |   0.0
        D:2 |     181 |      46 |  20.3 |      31 |       7 |  18.4
        D:3 |      66 |       0 |   0.0 |      11 |       0 |   0.0
            +---------+---------+-------+---------+---------+-------
